 Dungeon Crawl Stone Soup version 0.27-a0-124-g19cb506db8 (webtiles) character file.

Game seed: 15568592252551192027

23 sahdkjhfkaj the Sneak (level 2, -2/19 HPs)
             Began as a Vampire Enchanter on Jan 26, 2021.
             Slain by a gnoll
             ... wielding a +2 whip of flaming
              (3 damage)
             ... on level 2 of the Dungeon.
             The game lasted 00:01:13 (992 turns).

sahdkjhfkaj the Sneak (Vampire Enchanter)            Turns: 992, Time: 00:01:13

Health: -2/19      AC:  3    Str:  7    XL:     2   Next: 72%
Magic:  1/5        EV: 12    Int: 17    God:
Gold:   32         SH:  0    Dex: 14    Spells: 2/5 levels left

rFire    . . .     SeeInvis +   a - +1 dagger
rCold    . . .     Faith    .   (no shield)
rNeg     . . .     Spirit   .   b - +0 robe
rPois    .         Reflect  .   c - +1 hat
rElec    .         Harm     .   (no cloak)
rCorr    .         Rampage  .   (no gloves)
Will     .....                  (no boots)
Stlth    +++.......             (no amulet)
HPRegen  0.26/turn              (no ring)
MPRegen  0.09/turn              (no ring)

@: regenerating quickly
A: fangs 3, see invisible, unbreathing
a: Exsanguinate


You were on level 2 of the Dungeon.
You visited 1 branch of the dungeon, and saw 2 of its levels.

You collected 32 gold pieces.

Inventory:

Hand Weapons
 a - a +1 dagger (weapon)
Armour
 b - a +0 robe (worn)
 c - a +1 hat (worn)
Scrolls
 e - 2 scrolls of fog
 f - a scroll of remove curse {unknown}
 g - a scroll of immolation
 h - 2 scrolls of noise {unknown}
Potions
 d - a potion of ambrosia {unknown}
 i - a potion of brilliance {unknown}
 j - a potion of heal wounds {unknown}
 k - a potion of degeneration {unknown}


   Skills:
 - Level 1.1 Short Blades
 - Level 2.1 Dodging
 + Level 6.2 Stealth
 - Level 2.0 Spellcasting
 - Level 4.4 Hexes


You had 2 spell levels left.
You knew the following spells:

 Your Spells              Type           Power        Failure   Level
a - Corona                Hex            17%          3%          1
b - Ensorcelled Hibernat  Hex/Ice        18%          12%         2

Your spell library contained the following spells:

 Spells                   Type           Power        Failure   Level
 Confusing Touch          Hex            16%          10%         3
 Tukima's Dance           Hex            16%          10%         3
 Dazzling Flash           Conj/Hex       18%          24%         3


Dungeon Overview and Level Annotations

Branches:
Dungeon (2/15)

Altars:
Sif Muna


Innate Abilities, Weirdness & Mutations

Your natural rate of healing is unusually fast.
You have razor-sharp teeth.
You have supernaturally acute eyesight. (SInv)
You can survive without breathing.


Message History

The bat barely misses you.
Your Stealth skill increases to level 6!
Casting: Ensorcelled Hibernation (safe; 12% risk of failure)
Confirm with . or Enter, or press ? or * to list all spells.
Aiming: Ensorcelled Hibernation (safe; 12% risk of failure)
Press: ? - help, Shift-Dir - straight line, f - bat
Aim: a bat (chance to affect: 58%)
The bat looks drowsy...
The gnoll shouts!
You hear a shout!
The helpless bat fails to defend itself.
You impale the bat!!
You kill the bat!
A hobgoblin comes into view. It is wielding a +0 club.
The gnoll hits you.
There is a stone staircase leading up here.
The gnoll hits you with a +2 whip of flaming!
Ouch! That really hurt!
* * * LOW HITPOINT WARNING * * *
The gnoll burns you.
You die...

#..... .....######
........#
#♣.♣.♣.♣.##.#
....g.)g..#.########
.♣#♣.♣.♣.g.........#
#.##........#(#
♣.#g...####.#.# #.#
#.#@...####.#.# #.#
#.#...........# #.#
#.#....#####.#####.#
..#....# ###[....#.#
##.#.##....###.#.#
....##.##...#.#.#
#.#.##.#....#.#.#
.#......_......#
#.#....#.##.#


You could see 2 gnolls.

Vanquished Creatures
  A gnoll (D:2)
  A giant cockroach (D:1)
  A goblin (D:1)
  2 hobgoblins (D:1)
  4 kobolds (D:1)
  2 bats
  A frilled lizard (D:1)
  A rat (D:1)
13 creatures vanquished.

Vanquished Creatures (others)
  A plant (D:2)
1 creature vanquished.

Grand Total: 14 creatures vanquished

Notes
Turn   | Place    | Note
-------+----------+-------------------------------------------
     0 | D:1      | sahdkjhfkaj the Vampire Enchanter began the quest for the
                  | Orb.
     0 | D:1      | Reached XP level 1. HP: 13/13 MP: 3/3
   225 | D:1      | Reached skill level 5 in Stealth
   333 | D:1      | Reached XP level 2. HP: 9/19 MP: 5/5
   340 | D:1      | Learned a level 2 spell: Ensorcelled Hibernation
   951 | D:2      | Found a shimmering blue altar of Sif Muna.
   986 | D:2      | Reached skill level 6 in Stealth
   992 | D:2      | Slain by a gnoll

Illustrated notes

Levels and vault maps discovered:
D:1:      lightli_arrival_lavapool, layout_basic
D:2:      cheibrodos_old_hovel, layout_basic, nicolae_overflow_crystal_walls,
          nicolae_overflow_hidden_temple, lemuel_crystal_altar, serial_forest,
          infiniplex_forest_lined_3_way, infiniplex_forest_end_2,
          infiniplex_forest_straight_5, infiniplex_forest_straight_4,
          infiniplex_forest_straight_2, infiniplex_forest_clump_cross,
          infiniplex_forest_end_3, minmay_stone_trees_small, uniq_terence

Skill      XL: |  1  2 |
---------------+-------+-----
Stealth        | 5 6 |  6.2
Short Blades   | |  1.1
Dodging        | |  2.1
Spellcasting   | |  2.0
Hexes          | |  4.4

Action                   || total
-------------------------++-------
Melee: Dagger            ||    31
 Cast: Ensorcelled Hiber ||     6
  Use: Scroll            ||     2
 Stab: Sleeping          ||     6
Armor: Robe              ||    11
Dodge: Dodged            ||    24

Table legend: (Time is in decaauts)
 A = Elapsed time spent in this place.
 B = Non-inter-level travel time spent in this place.
 C = Inter-level travel time spent in this place.
 D = Time resting spent in this place.
 E = Time spent auto-exploring this place.
 F = Levels seen in this place.
 G = Mean time per level.
                   A        B        C        D        E       F      G
               +--------+--------+--------+--------+--------+-----+--------+
         Total |    991 |    921 |     70 |     47 |    644 |   2 |  495.5 |
       Dungeon |    991 |    921 |     70 |     47 |    644 |   2 |  495.5 |
               +--------+--------+--------+--------+--------+-----+--------+

Top non-repeatable levels by time:
     D:1: 896 daAuts
     D:2: 95 daAuts
